Map: Crête de Lerilak

Players

zidar - Winner!

  • Race: Zerg Zerg
  • League: Silver
  • Spawn Location: 7:00

OLDStone

  • Race: Protoss Protoss
  • League: Silver
  • Spawn Location: 1:00

VOD

Have the link to the VOD?

Description

Time

  • Played on: Jan. 10, 2016, 9:17 a.m.
  • Length: 11:54
Show
View Real Time Build Order
Export as new Build Order

zidar Zerg - Winner!

Build Orders: Pool First 

Get SALT Encoding   

  12  0:01  Drone  
  13  0:12  Overlord  
  13  0:18  Drone  
  14  0:30  Drone x2  
  16  0:36  Drone  
  17  0:46  Spawning Pool  
  16  0:50  Drone  
  17  1:14  Hatchery  
  17  1:16  Drone  
  17  1:22  Extractor, Drone  
  16  1:32  Queen  
  18  1:38  Drone  
  19  1:43  Overlord  
  19  2:00  Drone x2  
  21  2:08  Queen  
  23  2:21  Extractor  
  22  2:35  Metabolic Boost  
  22  2:39  Hatchery  
  21  3:00  Roach Warren  
  20  3:06  Drone x4  
  24  3:17  Drone  
  24  3:18  Drone  
  26  3:36  Drone  
  26  3:37  Drone x3  
  30  3:44  Queen  
  32  3:51  Overlord  
  32  4:12  Roach  
  32  4:13  Roach  
  32  4:14  Roach x3  
  32  4:15  Roach  
  44  4:20  Drone x2  
  46  4:43  Lair  
  46  4:48  Drone x4  
  50  5:15  Overlord x2  
  50  5:16  Overlord x2  
  50  5:33  Drone x10  
  60  5:36  Hatchery  
  60  5:37  Overlord  
  57  5:59  Roach x7  
  65  6:19  Roach  
  65  6:20  Roach x6  
  61  6:56  Roach x12  
  69  7:09  Roach x4  
  69  7:43  Roach x14  
  85  8:20  Ravager x3  
  85  8:21  Ravager x2  
  88  8:48  Roach  
  88  8:53  Overlord x4  
  90  9:10  Queen  
  62  10:32  Roach  
  62  10:33  Roach x17  
  62  10:34  Roach x6  
  108  10:52  Ravager  
  95  11:16  Ravager x5  
  96  11:20  Zergling x2  
  96  11:21  Zergling x26  
Show
View Real Time Build Order
Export as new Build Order

OLDStone Protoss 

Build Orders: 1 Gate Expand 

Get SALT Encoding   

  12  0:01  Probe (Chrono Boost)  
  13  0:12  Probe (Chrono Boost)  
  14  0:20  Pylon  
  14  0:27  Probe (Chrono Boost)  
  15  0:34  Assimilator  
  15  0:43  Gateway  
  15  0:45  Probe (Chrono Boost)  
  16  0:50  Assimilator  
  16  0:56  Probe (Chrono Boost)  
  17  1:07  Probe (Chrono Boost)  
  18  1:17  Probe (Chrono Boost)  
  19  1:28  Probe (Chrono Boost)  
  20  1:33  Nexus  
  20  1:49  Cybernetics Core  
  20  1:54  Assimilator  
  20  1:56  Pylon  
  20  2:03  Zealot  
  22  2:09  Probe (Chrono Boost)  
  23  2:20  Gateway  
  23  2:36  Mothership Core (Chrono Boost)  
  25  2:40  Adept  
  27  2:47  Probe (Chrono Boost)  
  28  2:54  Probe (Chrono Boost)  
  28  2:57  Probe (Chrono Boost)  
  30  3:04  Pylon  
  30  3:05  Probe (Chrono Boost)  
  31  3:07  Pylon  
  31  3:12  Probe (Chrono Boost)  
  32  3:14  Warp Gate (Chrono Boost)  
  32  3:31  Probe  
  32  3:33  Probe  
  34  3:36  Pylon  
  34  3:38  Gateway  
  34  3:53  Robotics Facility, Probe  
  34  3:54  Probe  
  36  4:05  Gateway  
  36  4:08  Gateway  
  36  4:09  Probe  
  36  4:11  Probe  
  36  4:16  Adept  
  40  4:21  Sentry  
  42  4:27  Probe  
  42  4:29  Probe  
  44  4:40  Warp Prism (Chrono Boost)  
  44  4:44  Assimilator  
  46  4:50  Probe (Chrono Boost)  
  46  4:51  Probe (Chrono Boost)  
  48  4:53  Forge  
  48  4:55  Assimilator  
  48  5:03  Probe (Chrono Boost)  
  48  5:05  Probe (Chrono Boost)  
  50  5:11  Adept x2  
  50  5:12  Adept x3  
  60  5:22  Immortal (Chrono Boost)  
  64  5:47  Adept x3  
  67  6:07  Stalker  
  55  6:41  Zealot x3  
  55  6:42  Zealot x2  
  61  6:53  Immortal (Chrono Boost)  
  59  7:10  Zealot x5  
  67  7:22  Gateway  
  65  7:23  Gateway  
  61  7:31  Nexus  
  61  7:32  Pylon  
  61  7:33  Pylon  
  61  7:34  Zealot  
  61  7:35  Zealot x4, Pylon  
  61  7:36  Pylon  
  61  7:55  Zealot x4  
  61  7:56  Zealot  
  53  8:19  Zealot x4  
  53  8:20  Zealot  
  51  8:29  Gateway  
  51  8:32  Gateway  
  51  8:33  Gateway  
  49  8:41  Immortal (Chrono Boost)  
  49  8:44  Protoss Ground Weapons Level 1  
  49  8:45  Probe x2  
  49  8:47  Zealot x2  
  53  8:51  Sentry x2  
  53  8:52  Sentry  
  59  8:57  Probe x2  
  59  9:01  Stalker x2  
  65  9:06  Probe  
  65  9:09  Probe  
  67  9:10  Mothership Core  
  63  9:25  Zealot x3  
  63  9:26  Zealot x2  
  61  9:33  Zealot  
  61  9:34  Zealot  
  56  9:49  Zealot x5  
  43  10:09  Stalker x2  
  43  10:10  Stalker  
  43  10:33  Stalker x2  
  47  10:42  Probe  
  42  10:43  Probe x2  
  42  10:45  Stalker  
  42  10:55  Probe  
  39  11:05  Probe  
  39  11:06  Probe  
  39  11:07  Probe  
  42  11:12  Zealot x3  
  42  11:15  Probe  
  42  11:18  Probe  
  50  11:24  Probe  
  51  11:26  Probe  
  51  11:30  Probe  
  51  11:32  Stalker  
Tags
 
Add a new tag
Caveats
  • Supply blocks, unpowered buildings, or Contaminate may cause inaccurate times.
  • Supply counts are checked every 10 seconds.